 Dungeon Crawl Stone Soup version 0.31-a0-83-gbff143cfd1 (webtiles) character file.

Game seed: 1224624174303619394

1488 Sobieck the Jinx (level 8, -17/41 HPs)
             Began as a Deep Elf Conjurer on May 24, 2023.
             Was a Believer of Vehumet.
             Killed from afar by Dowan (21 damage)
             ... with a shard of ice
             ... on level 5 of the Dungeon.
             The game lasted 00:11:04 (4421 turns).

Sobieck the Jinx (Deep Elf Conjurer)                Turns: 4421, Time: 00:11:04

Health: -17/41     AC:  8    Str:  4    XL:     8   Next: 51%
Magic:  0/21       EV: 12    Int: 26    God:    Vehumet [**....]
Gold:   250        SH:  0    Dex: 13    Spells: 11/22 levels left

rFire   . . .        (no weapon)
rCold   . . .        (no shield)
rNeg    . . .        a - +0 robe
rPois   .            n - +2 helmet
rElec   .            e - +1 cloak
rCorr   .            (no gloves)
SInv    .            d - +0 pair of boots
Will    .....        (no amulet)
Stlth   ++           h - ring of wizardry
HPRegen 0.26/turn    m - ring of wizardry
MPRegen 0.17/turn

%: wizardry (x2)
@: no status effects
A: no striking features
a: Renounce Religion


You were on level 5 of the Dungeon.
You worshipped Vehumet.
Vehumet was pleased with you.
You visited 1 branch of the dungeon, and saw 5 of its levels.

You collected 250 gold pieces.

Inventory:

Armour
 a - a +0 robe (worn)
 c - a +0 cloak
 d - a +0 pair of boots (worn)
 e - a +1 cloak (worn)
 n - a +2 helmet (worn)
 p - an orb of mayhem
 u - a +0 buckler
Magical Staves
 o - the staff of poison "Zuamugaa" {rPois Dex+2}
   (You found it on level 4 of the Dungeon)

   [staff of poison]

   Base accuracy: +5 Base damage: 5 Base attack delay: 1.2 This weapon's minimum
   attack delay (0.6) is reached at skill level 12.
   Dex:       It affects your dexterity (+2).
   rPois:     It protects you from poison.
   It falls into the 'Staves' category.
   It is a one-handed weapon.
Jewellery
 h - a ring of wizardry (left hand)
 m - a ring of wizardry (right hand)
 r - a +5 ring of evasion
 s - an amulet of the acrobat
 t - an amulet of guardian spirit
Wands
 g - a wand of quicksilver (8)
 V - a wand of flame (17)
Scrolls
 f - 5 scrolls of noise
Potions
 i - 2 potions of lignification
 j - 2 potions of attraction
 k - a potion of heal wounds
 l - a potion of resistance
 Q - 2 potions of curing


   Skills:
 - Level 2.4 Dodging
 - Level 2.4 Stealth
 + Level 7.5 Spellcasting
 + Level 7.3 Conjurations
 * Level 8.3 Hexes
 - Level 4.0 Translocations


You had 11 spell levels left.
You knew the following spells:

 Your Spells              Type           Power      Damage    Failure   Level
a - Magic Dart            Conj           100%       1d8       1%          1
b - Searing Ray           Conj           94%        2d7       1%          2
c - Fulminant Prism       Conj/Hex       22%        3d12      1%          4
d - Iskenderun's Mystic   Conj/Tloc      34%        2d8       2%          4

Your spell library contained the following spells:

 Spells                   Type           Power      Damage    Failure   Level
 Freeze                   Ice            36%        1d5       1%          1
 Dazzling Flash           Conj/Hex       90%        N/A       1%          3
 Call Imp                 Summ           18%        N/A       2%          2
 Mephitic Cloud           Conj/Pois/Air  15%        N/A       3%          3
 Ozocubu's Armour         Ice            9%         N/A       5%          3
 Ozocubu's Refrigeration  Ice            4%         4d8       100%        7


Dungeon Overview and Level Annotations

Branches:
Dungeon (5/15)             Temple (0/1) D:5

Altars:
Cheibriados
Gozag
Uskayaw
Vehumet
Zin

Annotations:
D:4 2 transporters
D:5 Dowan


Message History

The ice beast is knocked back by the mystic blast.
The ice beast collides with something!
The ice beast is almost dead.
Vehumet accepts your kill.
You feel your power returning.
Reactivating autopickup.
You feel a bit more experienced. The orc barely misses you.
The orc hits you but does no damage.
Dowan breathes, "And she was my only..."
Found a robe.
Dowan says, "Her death will not be in vain!"
Dowan misses you. Dowan hits you but does no damage.
The orc attacks as you move away! The orc misses you.
Dowan attacks as you move away! Dowan barely misses you.
Dowan mumbles some strange words.
Dowan blinks!
Found a scroll of identify.
There is an open door here.
The orc attacks as you move away! The orc barely misses you.
Found a scroll labelled FENTUU PUSU.
The orc attacks as you move away! The orc hits you but does no damage.
The orc hits you but does no damage. Dowan hits you but does no damage.
Dowan closely misses you.
There is an open door here.
Found a stone staircase leading down.
Dowan points at you and mumbles some strange words.
The stone arrow hits you. Dowan attacks as you move away!
Dowan completely misses you. Dowan hits you with a +0 dagger.
Dowan gestures at you while chanting. The stone arrow hits you.
Dowan attacks as you move away! Dowan hits you with a +0 dagger.
Dowan hits you but does no damage. Dowan barely misses you.
Casting: Iskenderun's Mystic Blast (dangerous; 2% risk of failure)
Confirm with . or Enter, or press ? or * to list all spells.
You erupt in a blast of force!
The mystic blast hits the ice beast.
The ice beast is almost dead.
The ice beast is knocked back by the mystic blast.
The mystic blast hits Dowan!
Dowan is severely wounded.
Dowan is knocked back by the mystic blast.
Unknown command.
Unknown command.
Dowan points at you and mumbles some strange words.
The shard of ice hits you!
* * * LOW HITPOINT WARNING * * *
Dowan points at you and mumbles some strange words.
The shard of ice hits you!!
Ouch! That really hurt!
You die...

#.............#.....##...##.
######.#......#........)....
#.....#......#.....##......
#.....#......#.....##......
#.....#......#.............
#.....#......#.........)...
#.....#......#.............
########..###......####+###..##..
#........#####.#@.eo.....##'####'
#.....#........#...Y.....#...# ..
#.....#........#.........'...#@..
#.....#........#.........#...#.5.
#<....######...#.........#.[.####
#..........#####.........#...#
#............ ...........+....#
#.....)..............?...#....#
#........................#.?.##


You could see an ice beast, Dowan (fast) and an orc.

Vanquished Creatures
  Grinder (D:4)
  Sigmund (D:2)
  Eustachio (D:5)
  Edmund (D:4)
  A water moccasin (D:5)
  Duvessa (D:5)
  An ogre (D:5)
  A phantom (D:5)
  A scorpion (D:5)
  2 jellies
  3 hounds
  An orc priest (D:3)
  Jessica (D:2)
  An orc wizard (D:5)
  Terence (D:2)
  An iguana (D:5)
  Robin (D:2)
  4 adders
  2 ufetubi (D:4)
  3 worms
  3 dart slugs
  6 orcs
  8 ball pythons
  3 bats (D:1)
  3 endoplasms
  4 giant cockroaches
  18 goblins
  8 hobgoblins
  5 jackals
  3 quokkas
  4 frilled lizards
  5 kobolds
  7 rats
106 creatures vanquished.

Vanquished Creatures (others)
  23 fulminant prisms
23 creatures vanquished.

Grand Total: 129 creatures vanquished

Notes
Turn   | Place    | Note
-------+----------+-------------------------------------------
     0 | D:1      | Sobieck the Deep Elf Conjurer began the quest for the Orb.
     0 | D:1      | Reached XP level 1. HP: 10/10 MP: 6/6
   283 | D:1      | Reached skill level 1 in Hexes
   301 | D:1      | You fall into a shaft and drop 1 floor!
   317 | D:2      | Reached XP level 2. HP: 15/15 MP: 2/8
   345 | D:2      | Learned a level 2 spell: Searing Ray
   399 | D:2      | Found a radiant altar of Vehumet.
   406 | D:2      | Noticed Jessica
   411 | D:2      | Killed Jessica
   412 | D:2      | Reached skill level 2 in Hexes
   412 | D:2      | Reached XP level 3. HP: 19/19 MP: 2/10
   426 | D:2      | Noticed Terence
   427 | D:2      | Became a worshipper of Vehumet
   453 | D:2      | Killed Terence
   454 | D:2      | Reached XP level 4. HP: 24/24 MP: 3/12
   575 | D:2      | Noticed Sigmund
   585 | D:2      | Killed Sigmund
   586 | D:2      | Reached skill level 4 in Hexes
   586 | D:2      | Reached XP level 5. HP: 19/28 MP: 7/14
   882 | D:2      | Learned a level 4 spell: Fulminant Prism
   887 | D:2      | Learned a level 4 spell: Iskenderun's Mystic Blast
   892 | D:2      | Noticed Robin
   968 | D:3      | Reached XP level 6. HP: 32/32 MP: 6/16
  1345 | D:2      | Killed Robin
  1629 | D:1      | Reached * piety under Vehumet
  1629 | D:1      | Offered knowledge of Shock by Vehumet.
  1730 | D:1      | Reached skill level 1 in Translocations
  2111 | D:1      | Found a faded altar of an unknown god.
  2623 | D:3      | Found a glowing silver altar of Zin.
  2625 | D:3      | Found a snail-covered altar of Cheibriados.
  2626 | D:3      | Found a hide-covered altar of Uskayaw.
  2873 | D:4      | Noticed Edmund
  2952 | D:4      | Reached skill level 6 in Conjurations
  2962 | D:4      | Noticed Grinder
  3041 | D:4      | Killed Grinder
  3042 | D:4      | Reached skill level 6 in Spellcasting
  3042 | D:4      | Reached skill level 5 in Hexes
  3042 | D:4      | Reached XP level 7. HP: 36/36 MP: 12/18
  3486 | D:4      | Found an opulent altar of Gozag.
  3501 | D:4      | Identified the staff of poison "Zuamugaa" {rPois Dex+2}
  3562 | D:4      | Found a transporter.
  3568 | D:4      | Found a transporter.
  3579 | D:4      | Killed Edmund
  3579 | D:4      | Offered knowledge of Freeze by Vehumet.
  3580 | D:4      | Reached skill level 6 in Hexes
  3930 | D:5      | Entered Level 5 of the Dungeon
  3930 | D:5      | Found a staircase to the Ecumenical Temple.
  3998 | D:5      | Reached skill level 3 in Translocations
  4052 | D:5      | Noticed Eustachio
  4057 | D:5      | Noticed Duvessa
  4116 | D:5      | Reached ** piety under Vehumet
  4117 | D:5      | Reached skill level 7 in Hexes
  4154 | D:5      | Reached XP level 8. HP: 41/41 MP: 10/20
  4340 | D:5      | Noticed Dowan
  4348 | D:5      | Killed Duvessa
  4364 | D:5      | HP: 2/41 [Dowan/shard of ice (24)]
  4374 | D:5      | Killed Eustachio
  4375 | D:5      | Reached skill level 8 in Hexes
  4421 | D:5      | Killed from afar by Dowan

Illustrated notes

Levels and vault maps discovered:
D:1:      psy_arrival_terrarium, layout_basic, serial_aquarium,
          aquarium_bridge_straight [aquarium_subvault_bridge,
          aquarium_subvault_window, aquarium_subvault_bridge,
          aquarium_subvault_wall], aquarium_bridge_square
          [aquarium_subvault_bridge, aquarium_subvault_bridge,
          aquarium_subvault_window, aquarium_subvault_wall],
          aquarium_window_fake, aquarium_window_corner, aquarium_view_2a,
          aquarium_view_2d, aquarium_balcony_double_4, aquarium_pool_2,
          shapermc_ecumenical_altar_mp_vishouse, kennysheep_flooded_box
D:2:      layout_basic, basic_altar, uniq_sigmund, uniq_robin, uniq_terence,
          uniq_jessica
D:3:      layout_rooms, grunt_temple_overflow_open
D:4:      kb_forest_paths, layout_basic, gammafunk_temple_overflow_arena,
          uniq_edmund, uniq_grinder
D:5:      layout_gridville, minmay_temple_entry_glass, kennysheep_small_square,
          uniq_duvessa, uniq_eustachio

Skill      XL: |  1  2  3  4  5  6  7  8 |
---------------+-------------------------+-----
Hexes          | 1 2 4 5 7 8 |  8.3
Spellcasting   | 4 5 6 7 |  7.5
Conjurations   | 5 6 7 |  7.3
Translocations | 2 3 4 |  4.0
Dodging        | |  2.4
Stealth        | |  2.4

Action                     |  1- 3 |  4- 6 |  7- 9 || total
---------------------------+-------+-------+-------++-------
   Cast: Magic Dart        |    22 |    93 |    31 ||   146
         Searing Ray       |     2 |    12 |     8 ||    22
         Fulminant Prism   |       |     4 |    19 ||    23
         Iskenderun's Myst |       |     1 |     4 ||     5
    Use: Scroll            |       |     9 |     4 ||    13
         Potion            |       |       |     4 ||     4
 Armour: Robe              |       |    11 |    33 ||    44
  Dodge: Dodged            |     1 |    30 |    47 ||    78

Table legend: (Time is in decaauts)
 A = Elapsed time spent in this place.
 B = Non-inter-level travel time spent in this place.
 C = Inter-level travel time spent in this place.
 D = Time resting spent in this place.
 E = Time spent auto-exploring this place.
 F = Levels seen in this place.
 G = Mean time per level.
                   A        B        C        D        E       F      G
               +--------+--------+--------+--------+--------+-----+--------+
         Total |   4424 |   4276 |    148 |    609 |   3002 |   5 |  884.8 |
       Dungeon |   4424 |   4276 |    148 |    609 |   3002 |   5 |  884.8 |
               +--------+--------+--------+--------+--------+-----+--------+

Top non-repeatable levels by time:
     D:2: 1295 daAuts
     D:4: 1006 daAuts
     D:1: 987 daAuts
     D:3: 671 daAuts
     D:5: 463 daAuts
